 Dungeon Crawl Stone Soup version 0.30.1-11-g7821555f0a (webtiles) character file.

Game seed: 456796054837794513

13202 bmack86 the Severer (level 11, 0/77 (82) HPs)
             Began as a Minotaur Fighter on Jan 10, 2024.
             Was an Initiate of Okawaru.
             Slain by a soul eater (8 damage)
             ... summoned by a kobold demonologist
             ... on level 11 of the Dungeon.
             The game lasted 00:23:10 (8274 turns).

bmack86 the Severer (Minotaur Fighter)              Turns: 8274, Time: 00:23:11

HP:   0/77 (82)     AC:  6    Str: 25    XL:     11   Next: 72%
MP:   10/10         EV:  5    Int:  4    God:    Okawaru [......]
Gold: 465           SH:  7    Dex: 27    Spells: 10/10 levels left

rFire   + . .        a - +0 war axe (freeze)
rCold   + . .        c - +0 buckler
rNeg    . . .        v - +9 crystal plate armour "Sishrofe" {*Corrode Int+3 Dex+3}
rPois   .            (helmet restricted)
rElec   .            J - +0 cloak
rCorr   .            F - +2 pair of gloves {Dex+3}
SInv    .            o - +0 pair of boots
Will    .....        (no amulet) Stlth
                     i - +6 ring of dexterity
HPRegen 0.32/turn    D - ring "Pirougett" {rF+ rC+ Int-4 Dex+5}
MPRegen 0.12/turn

%: corrode self (3%)
@: corroded, studying Summonings, drained
A: horns 2, retaliatory headbutt
a: Renounce Religion


You were on level 11 of the Dungeon.
You worshipped Okawaru.
Okawaru was noncommittal.
You visited 2 branches of the dungeon, and saw 12 of its levels.
You also visited: Ossuary.

You collected 585 gold pieces.
You spent 120 gold pieces at shops.

Inventory:

Hand Weapons
 a - a +0 war axe of freezing (weapon)
Missiles
 E - 5 throwing nets
 G - 6 javelins (quivered)
Armour
 c - a +0 buckler (worn)
 o - a +0 pair of boots (worn)
 v - the +9 crystal plate armour "Sishrofe" (worn) {*Corrode Int+3 Dex+3}
   (You found it on level 3 of the Dungeon)

   Int:       It affects your intelligence (+3).
   Dex:       It affects your dexterity (+3).
   *Corrode:  It may corrode you when you take damage.
 F - a +2 pair of gloves of dexterity (worn)
 J - a +0 cloak (worn)
Jewellery
 i - a +6 ring of dexterity (left hand)
 x - a +6 ring of intelligence
 D - the ring "Pirougett" (right hand) {rF+ rC+ Int-4 Dex+5}
   (You found it on level 5 of the Dungeon)

   [ring of protection from cold]

   Int:       It affects your intelligence (-4).
   Dex:       It affects your dexterity (+5).
   rF:        It protects you from fire.
   rC:        It protects you from cold.
 L - a ring of protection from cold
Wands
 b - a wand of charming (7)
 j - a wand of mindburst (5)
 A - a wand of light (5)
 I - a wand of digging (4)
Scrolls
 f - 3 scrolls of poison
 l - a scroll of identify
 y - a scroll of magic mapping
 B - 2 scrolls of teleportation
 C - 3 scrolls of fog
 H - 2 scrolls of vulnerability
 N - a scroll of blinking
Potions
 d - a potion of might
 e - 3 potions of resistance
 g - 2 potions of cancellation
 h - 3 potions of brilliance
 m - 3 potions of haste
 n - 2 potions of berserk rage
 q - a potion of magic
 s - 2 potions of flight
 t - 3 potions of curing
 w - 4 potions of heal wounds
 z - 2 potions of mutation
 K - 2 potions of attraction
 M - 2 potions of invisibility


   Skills:
 - Level 3.6 Fighting
 - Level 18.0 Axes
 + Level 13.4 Armour
 - Level 5.0 Shields


You had 10 spell levels left.
You didn't know any spells.
Your spell library contained the following spells:

 Spells                   Type           Power      Damage    Failure   Level
 Sandblast                Erth           0%         2d4       100%        1
 Ensorcelled Hibernation  Hex/Ice        0%         N/A       100%        2
 Passwall                 Tmut/Erth      0%         N/A       100%        2
 Ozocubu's Armour         Ice            0%         N/A       100%        3
 Spider Form              Tmut/Pois      0%         N/A       100%        3
 Stone Arrow              Conj/Erth      0%         3d7       100%        3
 Volatile Blastmotes      Fire/Tloc      0%         2d10      100%        3
 Anguish                  Hex/Necr       0%         N/A       100%        4
 Fulminant Prism          Conj/Hex       0%         3d5       100%        4
 Iskenderun's Mystic Bla  Conj/Tloc      0%         2d3       100%        4
 Lee's Rapid Deconstruct  Erth           0%         3d4*      100%        5
 Ozocubu's Refrigeration  Ice            0%         4d7       100%        7


Dungeon Overview and Level Annotations

Branches:
Dungeon (11/15)            Temple (1/1) D:5            Lair (0/5) D:8
    Orc (0/2) D:10        Ossuary (visited)

Altars:
Ashenzari
Cheibriados
Dithmenos
Elyvilon
Gozag
Hepliaklqana
Kikubaaqudgha
Makhleb
Nemelex Xobeh
Okawaru
Qazlal
Ru
Sif Muna
Trog
Uskayaw
Vehumet
Wu Jian
Xom
Yredelemnul
Zin
The Shining One

Shops:
D:1 !   D:5 *   D:8 ?


Innate Abilities, Weirdness & Mutations

You have a pair of horns on your head.
You reflexively headbutt those who attack you in melee.


Message History

The rust devil corrodes you!
You hit the rust devil but do no damage.
You headbutt the rust devil, but do no damage.
The rust devil is moderately wounded.
You hit the soul eater but do no damage.
The soul eater hits you!
You feel drained.
You hit the rust devil but do no damage.
You headbutt the rust devil, but do no damage.
The rust devil is moderately wounded.
You hit the soul eater. You block the rust devil's attack.
The kobold demonologist mumbles some strange words.
Unknown command.
You hit the rust devil.
You headbutt the rust devil, but do no damage.
The rust devil is heavily wounded.
You hit the soul eater but do no damage.
The white imp disappears in a puff of smoke!
The soul eater hits you. The rust devil hits you. The rust devil corrodes you!
The crimson imp blinks!
You completely miss the rust devil.
The rust devil is moderately wounded.
You hit the soul eater but do no damage.
The soul eater hits you!
* * * LOW HITPOINT WARNING * * *
The rust devil hits you. The rust devil corrodes you!
You hit the rust devil but do no damage.
Your headbutt misses the rust devil.
The rust devil is moderately wounded.
You hit the soul eater but do no damage.
The soul eater draws from the surrounding life force!
* * * LOW HITPOINT WARNING * * *
The soul eater is healed.
Unknown command.
Unknown command.
Okay, then.
You feel much better. The rust devil closely misses you.
The soul eater hits you!!
* * * LOW HITPOINT WARNING * * *
You feel drained.
You die...

##### #...
.#.#######.#
.......<.3@#
...#######4#
#Kl5 ##5..#
^.... 5.$###
/.## ###


You could see a soul eater (summoned), a rust devil (summoned), a kobold
demonologist, a wyvern, a crimson imp (summoned) and an ufetubus (summoned).

Vanquished Creatures
  Harold (D:10)
  An orc sorcerer (D:9)
  A manticore (D:8)
  Maurice (D:8)
  Psyche (D:9)
  A troll (D:11)
  Grum (D:9)
  5 yaks (D:10)
  2 wyverns
  2 steam dragons
  4 vampire mosquitoes (D:10)
  4 orc warriors
  2 ice beasts
  2 sky beasts
  4 wolves (D:9)
  3 centaurs
  5 kobold brigands
  4 bullfrogs
  2 scorpions
  5 wights
  13 killer bees
  A howler monkey (D:8)
  A centaur zombie (Ossuary)
  A human zombie (Ossuary)
  A hound (D:4)
  11 orc priests
  A sleepcap (D:6)
  Terence (D:2)
  2 iguanas
  11 orc wizards
  3 mummies (Ossuary)
  3 gnolls (D:4)
  5 adders
  A shadow imp (D:6)
  An ufetubus (D:5)
  3 worms
  4 dart slugs
  34 orcs
  6 endoplasms
  2 giant cockroaches (D:3)
  4 goblins
  5 hobgoblins
  4 jackals (D:3)
  28 kobolds
  2 quokkas
  11 ball pythons
  2 bats
  3 frilled lizards
  2 gnoll zombies (Ossuary)
  2 goblin zombies (Ossuary)
  A kobold zombie (Ossuary)
  An orc zombie (Ossuary)
  10 rats
231 creatures vanquished.

Notes
Turn   | Place    | Note
-------+----------+-------------------------------------------
     0 | D:1      | bmack86 the Minotaur Fighter began the quest for the Orb.
     0 | D:1      | Reached XP level 1. HP: 19/19 MP: 0/0
    40 | D:1      | Found Juxzita's Distillery.
   409 | D:1      | Reached XP level 2. HP: 26/26 MP: 1/1
   759 | D:2      | Reached skill level 3 in Axes
   831 | D:2      | Found a white marble altar of Elyvilon.
   857 | D:2      | Reached XP level 3. HP: 31/31 MP: 2/2
   930 | D:2      | Noticed Terence
   941 | D:2      | Killed Terence
   942 | D:2      | Reached skill level 4 in Axes
   942 | D:2      | Reached skill level 5 in Shields
   942 | D:2      | Reached XP level 4. HP: 24/39 MP: 3/3
  1011 | D:2      | Found a faded altar of an unknown god.
  1457 | D:3      | Found a hide-covered altar of Uskayaw.
  1503 | D:3      | Identified the +9 crystal plate armour "Sishrofe" {*Corrode
                  | Int+3 Dex+3}
  1755 | D:3      | Reached skill level 5 in Axes
  1803 | D:4      | Found a glowing golden altar of the Shining One.
  1910 | D:4      | Found an ornate altar of the Wu Jian Council.
  1927 | D:4      | Noticed an orc warrior
  1932 | D:4      | Noticed a scorpion
  1938 | D:4      | Killed an orc warrior
  1939 | D:4      | Reached skill level 6 in Axes
  1939 | D:4      | Reached XP level 5. HP: 40/45 MP: 4/4
  1943 | D:4      | Reached XP level 6. HP: 46/51 MP: 5/5
  2040 | D:4      | Found a snail-covered altar of Cheibriados.
  2150 | D:4      | Reached skill level 7 in Axes
  2150 | D:4      | Reached skill level 5 in Armour
  2499 | D:5      | Entered Level 5 of the Dungeon
  2543 | D:5      | Found a staircase to the Ecumenical Temple.
  2551 | D:5      | Reached XP level 7. HP: 48/57 MP: 6/6
  2621 | D:5      | Found Yrotex's General Store.
  2655 | Temple   | Entered the Ecumenical Temple
  2941 | D:5      | Identified the ring "Pirougett" {rF+ rC+ Int-4 Dex+5}
  3139 | D:6      | You fall into a shaft and drop 3 floors!
  3153 | D:9      | Noticed an orc sorcerer
  3161 | D:9      | Noticed a ynoxinul
  3162 | D:9      | Killed an orc sorcerer
  3163 | D:9      | Reached skill level 9 in Axes
  3163 | D:9      | Reached XP level 8. HP: 64/64 MP: 7/7
  3384 | D:9      | Reached skill level 10 in Axes
  3397 | D:9      | Noticed Grum
  3412 | D:9      | Reached skill level 11 in Axes
  3423 | D:9      | Killed Grum
  3424 | D:9      | Reached XP level 9. HP: 26/70 MP: 8/8
  3596 | D:9      | Noticed Psyche
  3631 | D:9      | Killed Psyche
  3632 | D:9      | Reached skill level 12 in Axes
  4201 | D:8      | Noticed Maurice
  4216 | D:8      | Killed Maurice
  4217 | D:8      | Reached skill level 13 in Axes
  4238 | D:8      | Noticed a manticore
  4248 | D:8      | Killed a manticore
  4358 | D:7      | Found a sand-covered staircase.
  4369 | D:7      | Reached skill level 10 in Armour
  4377 | Ossuary  | Entered an ossuary
  4630 | D:7      | Found a shadowy altar of Dithmenos.
  4672 | D:7      | Found a radiant altar of Vehumet.
  4779 | D:7      | Reached skill level 14 in Axes
  4783 | D:7      | Reached XP level 10. HP: 60/77 MP: 9/9
  5342 | D:7      | Found a shimmering blue altar of Sif Muna.
  5916 | D:6      | Found a glowing silver altar of Zin.
  6452 | D:8      | Found a burning altar of Makhleb.
  6519 | D:8      | Found a staircase to the Lair.
  6592 | D:8      | Found Fudumm's Magic Scroll Shoppe.
  6600 | D:8      | Bought a scroll of identify for 30 gold pieces
  6600 | D:8      | Bought a scroll of identify for 30 gold pieces
  6600 | D:8      | Bought a scroll of identify for 30 gold pieces
  6603 | D:8      | Bought a scroll of identify for 30 gold pieces
  6604 | D:8      | Reached skill level 17 in Axes
  6604 | D:8      | Reached XP level 11. HP: 82/82 MP: 10/10
  7207 | D:10     | Entered Level 10 of the Dungeon
  7247 | D:10     | Noticed Harold
  7271 | D:10     | Killed Harold
  7355 | D:10     | Found a staircase to the Orcish Mines.
  7571 | D:10     | Reached skill level 18 in Axes
  7606 | D:10     | Found an iron altar of Okawaru.
  7610 | D:10     | Became a worshipper of Warmaster Okawaru
  7831 | D:10     | Found an opulent altar of Gozag.
  7832 | D:10     | Found an opulent altar of Gozag.
  7837 | D:10     | Found an opulent altar of Gozag.
  7857 | D:10     | Found an opulent altar of Gozag.
  8260 | D:11     | Noticed a soul eater
  8274 | D:11     | Slain by a soul eater

Illustrated notes

Levels and vault maps discovered:
D:1:      dpeg_arrival_simpleton_c, layout_loops_ring, serial_shops, shop
D:2:      layout_rooms, basic_altar, hellmonk_ecumenical_altar_leap_of_faith,
          uniq_terence
D:3:      layout_rooms, nicolae_uskayaw_dance_hall
D:4:      layout_cave_pools, tso_altar, mainiacjoe_overflow_brackets,
          nicolae_overflow_hidden_temple, amcnicky_altar_gilded,
          minmay_manual_monstrance
D:5:      layout_rooms, minmay_temple_entry_junction_2, serial_shops,
          shop_statue, lexackson_kobold_supper
D:6:      layout_rooms, kennysheep_little_box, chequers_serial_rivers_micro_a,
          kennysheep_minor_cross
D:7:      layout_loops_ring, vehumet_crystals, nicolae_dithmenos_shadow_blocks,
          lemuel_blue_sif_altar, nicolae_ossuary_entry_plus, nicolae_titane
D:8:      layout_basic, mainiacjoe_overflow_chevrons, dpeg_oklobed_lair,
          serial_shops, nicolae_shop_waterfront, st_stairs_11,
          kennysheep_cluttered_room, ebering_dispersal_statue_hall, uniq_maurice
D:9:      cheibrodos_wizards_tower, layout_irregular_city, uniq_psyche,
          uniq_grum
D:10:     layout_irregular_city, nicolae_gozag_conspicuous_consumption,
          kennysheep_mini, minmay_orc_entry_temple_small,
          amcnicky_mini_corridor_feature, uniq_harold
D:11:     layout_loops_ring, enter_trove_3, kennysheep_generic_room_6,
          uniq_snorg
Temple:   eino_temple_lava

Skill      XL: |  1  2  3  4  5  6  7  8  9 10 11 |
---------------+----------------------------------+-----
Shields        | 4 5 |  5.0
Axes           | 3 4 6 7 9 11 14 17 18 | 18.0
Armour         | 4 5 6 8 10 12 13 | 13.4
Fighting       | |  3.6

Action                     |  1- 3 |  4- 6 |  7- 9 | 10-12 || total
---------------------------+-------+-------+-------+-------++-------
  Melee: War axe           |    46 |    97 |   186 |   220 ||   549
         Headbutt          |     9 |    19 |    47 |    59 ||   134
  Throw: Javelin           |       |       |     5 |       ||     5
    Use: Scroll            |     3 |     5 |     8 |     7 ||    23
         Potion            |       |       |       |     3 ||     3
 Armour: Scale mail        |     3 |       |       |       ||     3
         Chain mail        |    16 |    20 |       |       ||    36
         Crystal plate arm |       |    80 |   178 |   193 ||   451
         Skin              |       |       |     8 |       ||     8
  Dodge: Dodged            |    15 |    33 |    34 |    42 ||   124
  Block: Buckler           |    12 |    33 |    60 |    80 ||   185
